 Dungeon Crawl Stone Soup version 0.22-a0-254-gaf95ca0 (webtiles) character file.

650 JeffiDaFish the Magician (level 7, 0/36 HPs)
             Began as a Deep Elf Ice Elementalist on Mar 4, 2018.
             Was an Initiate of Vehumet.
             Succumbed to an orc wizard's poison
             ... on level 5 of the Dungeon.
             The game lasted 00:15:21 (5658 turns).

JeffiDaFish the Magician (DEIE)                     Turns: 5658, Time: 00:15:22

Health: 0/36       AC:  2    Str:  5    XL:     7   Next: 28%
Magic:  19/19      EV: 15    Int: 26    God:    Vehumet [......]
Gold:   112        SH:  0    Dex: 15    Spells: 13/20 levels left

rFire    . . .     SeeInvis .   f - +1 long sword
rCold    + + .     Gourm    .   (no shield)
rNeg     . . .     Faith    +   a - +0 robe
rPois    .         Spirit   .   (no helmet)
rElec    .         Reflect  .   (no cloak)
rCorr    .         Harm     .   (no gloves)
MR       .....                  (no boots)
Stlth    ++........             k - amulet of Waesyom {Faith rC+}
HPRegen  0.12/turn              b - ring of protection from cold
MPRegen  0.16/turn              j - +4 ring of intelligence

@: lethally poisoned (0 -> -5)
A: no striking features
a: Renounce Religion


You were on level 5 of the Dungeon.
You worshipped Vehumet.
Vehumet was noncommittal.
You were not hungry.

You visited 1 branch of the dungeon, and saw 5 of its levels.

You collected 112 gold pieces.

Inventory:

Hand Weapons
 f - a +1 long sword (weapon)
Armour
 a - a +0 robe (worn)
Jewellery
 b - a ring of protection from cold (left hand)
 e - an uncursed ring of positive energy
 j - a +4 ring of intelligence (right hand)
 k - the amulet of Waesyom (around neck) {Faith rC+}
   (You found it on level 4 of the Dungeon)

   [amulet of faith]

   It allows you to gain divine favour quickly.
   It protects you from cold.
Wands
 d - a wand of clouds (2)
 o - a wand of flame (19)
Scrolls
 h - 2 scrolls of teleportation
 l - a scroll of magic mapping
 n - a scroll of identify
Potions
 g - a potion of brilliance
Comestibles
 c - 8 rations


   Skills:
 + Level 4.7 Dodging
 - Level 2.4 Stealth
 * Level 7.1 Spellcasting
 * Level 2.0 Conjurations
 + Level 6.3 Ice Magic


You had 13 spell levels left.
You knew the following spells:

 Your Spells              Type           Power        Failure   Level  Hunger
a - Freeze                Ice            ####         1%          1    None
b - Throw Frost           Conj/Ice       ####..       1%          2    None
c - Throw Icicle          Conj/Ice       ####....     11%         4    ###....


Dungeon Overview and Level Annotations

Branches:
Dungeon (5/15)
 Temple: D:4-7

Altars:
Cheibriados
Ru
Sif Muna
Trog
Uskayaw
Vehumet
Wu Jian
Zin
The Shining One


Message History

* * * LOW HITPOINT WARNING * * *
You feel sick. Vehumet accepts your kill.
Reactivating autopickup.
Your Conjurations skill increases to level 2!
You feel a bit more experienced.
* * * LOW HITPOINT WARNING * * *
You feel sick.
* * * LOW HITPOINT WARNING * * *
You feel sick.
* * * LOW HITPOINT WARNING * * *
You feel sick.
* * * LOW HITPOINT WARNING * * *
You feel sick.
* * * LOW HITPOINT WARNING * * *
You feel sick. Magic courses through your body.
There is a lethal amount of poison in your body!
You eat one of the 9 rations.
That ration really hit the spot!
You die...

#..##########
#.##....))).)..#
........######.#
#.....#.######.#
#.###........#.#
#.......####.#.#
#.###.##. #.#.# ...
#.###.#.# .....
#...#.#@# ....
#.....#........
#########.########.##
.....>..........
#######.###########.
#.###.<.......
#.....########
#.##### ###


There were no monsters in sight!

Vanquished Creatures
  Edmund (D:4)
  An ogre (D:4)
  A centaur zombie (D:5)
  4 orc wizards
  An orc priest (D:4)
  A hound (D:5)
  3 worker ants (D:4)
  8 adders
  4 oozes
  A worm (D:3)
  2 dart slugs
  4 leopard geckos
  10 orcs
  A ball python (D:4)
  2 giant cockroaches
  4 goblins
  14 hobgoblins
  4 jackals (D:3)
  6 kobolds
  A quokka (D:3)
  3 bats (D:1)
  4 frilled lizards
  A quokka skeleton (D:5)
  11 rats
92 creatures vanquished.

Notes
Turn   | Place    | Note
-------+----------+-------------------------------------------
     0 | D:1      | JeffiDaFish the Deep Elf Ice Elementalist began the quest for the Orb.
     0 | D:1      | Reached XP level 1. HP: 10/10 MP: 6/6
   100 | D:1      | Reached XP level 2. HP: 13/15 MP: 4/8
   372 | D:1      | Learned a level 2 spell: Throw Frost
   595 | D:1      | Reached XP level 3. HP: 19/19 MP: 7/10
   886 | D:2      | Reached skill level 4 in Spellcasting
  1503 | D:2      | Reached XP level 4. HP: 24/24 MP: 4/12
  1753 | D:2      | Learned a level 4 spell: Throw Icicle
  2809 | D:3      | Found a sacrificial altar of Ru.
  2845 | D:3      | Reached XP level 5. HP: 28/28 MP: 4/14
  2925 | D:3      | Reached skill level 5 in Spellcasting
  3462 | D:4      | Reached skill level 5 in Ice Magic
  3471 | D:4      | Got a clouded jade amulet
  3472 | D:4      | Identified the amulet of Waesyom {Faith rC+} (You found it on level 4 of the Dungeon)
  3873 | D:4      | Noticed Edmund
  3972 | D:4      | Killed Edmund
  3972 | D:4      | Reached skill level 6 in Spellcasting
  3972 | D:4      | Reached XP level 6. HP: 17/32 MP: 0/17
  4999 | D:4      | Reached XP level 7. HP: 15/36 MP: 2/19
  5185 | D:4      | Found a hide-covered altar of Uskayaw.
  5186 | D:4      | Found an ornate altar of the Wu Jian Council.
  5186 | D:4      | Found a deep blue altar of Sif Muna.
  5187 | D:4      | Found a radiant altar of Vehumet.
  5188 | D:4      | Found a bloodstained altar of Trog.
  5191 | D:4      | Became a worshipper of Vehumet
  5193 | D:4      | Found a glowing golden altar of the Shining One.
  5194 | D:4      | Found a glowing silver altar of Zin.
  5270 | D:4      | Found a snail-covered altar of Cheibriados.
  5359 | D:5      | Entered Level 5 of the Dungeon
  5641 | D:5      | Reached skill level 7 in Spellcasting
  5656 | D:5      | HP: 1/36 [poisoned by an orc wizard]
  5658 | D:5      | Succumbed to an orc wizard's poison

Vault maps used:
D:1:      dpeg_arrival_rhombi
D:3:      first_ration, nicolae_ru_sacrificial_ziggurat
D:4:      lemuel_crystal_altar, minitemple, uniq_edmund
D:5:      black_bear_nest_2, serial_shops, shop, eino_tiny_chamber

Skill      XL: |  1  2  3  4  5  6  7 |
---------------+----------------------+-----
Ice Magic      | 4 5 6 |  6.3
Spellcasting   | 4 6 7 |  7.1
Dodging        | 3 4 |  4.7
Conjurations   | 2 |  2.0
Stealth        | |  2.4

Action                   |  1- 3 |  4- 6 |  7- 9 || total
-------------------------+-------+-------+-------++-------
Melee: Short sword       |    13 |    43 |     4 ||    60
       Long sword        |       |       |     4 ||     4
 Cast: Freeze            |    33 |    49 |     9 ||    91
       Throw Frost       |    17 |    51 |       ||    68
       Throw Icicle      |       |    17 |     8 ||    25
Evoke: Wand              |       |       |     1 ||     1
  Use: Potion            |     6 |     5 |     1 ||    12
       Scroll            |     4 |     4 |     1 ||     9
 Stab: Sleeping          |     1 |     2 |       ||     3
  Eat: Chunk             |     2 |    12 |     3 ||    17
       Ration            |       |       |     1 ||     1
Armor: Robe              |     7 |    10 |     2 ||    19
Dodge: Dodged            |    24 |    51 |    11 ||    86
       Rpst.: Long sword |       |       |     1 ||     1

Table legend:
 A = Spawn XP
 B = Non-spawn XP
 C = Spawn XP percentage of total XP
 D = Spawn monster count
 E = Non-spawn monster count
 F = Spawn count percentage of total count
 G = Total turns spent on level
                    A         B        C        D         E        F      G
               +---------+---------+-------+---------+---------+-------+---------
         Total |       0 |     929 |   0.0 |       0 |      92 |   0.0 |  5658
               +---------+---------+-------+---------+---------+-------+---------
           D:1 |       0 |      43 |   0.0 |       0 |      26 |   0.0 |   810
           D:2 |       0 |     102 |   0.0 |       0 |      22 |   0.0 |  1676
           D:3 |       0 |      78 |   0.0 |       0 |      19 |   0.0 |  1082
           D:4 |       0 |     534 |   0.0 |       0 |      17 |   0.0 |  1997
           D:5 |       0 |     172 |   0.0 |       0 |       8 |   0.0 |    93
               +---------+---------+-------+---------+---------+-------+---------
